 Dungeon Crawl Stone Soup version 0.27.0-1-g7a089689b8 (webtiles) character file.

Game seed: 8929430465761879899

5075 quinnr the Zephyrmancer (level 10, -11/79 HPs)
             Began as a Tengu Air Elementalist on Aug 8, 2021.
             Was an Initiate of Gozag.
             Engulfed by their own flame (18 damage)
             ... on level 9 of the Dungeon.
             The game lasted 00:27:27 (11133 turns).

quinnr the Zephyrmancer (Tengu Air Elementalist)   Turns: 11133, Time: 00:27:27

Health: -11/79     AC: 25    Str:  8    XL:     10   Next: 56%
Magic:  5/19       EV:  2    Int: 18    God:    Gozag
Gold:   1217       SH:  0    Dex: 16    Spells: 6/20 levels left

rFire    . . .     SeeInvis .   i - +2 dagger (elec)
rCold    . . .     Faith    .   (no shield)
rNeg     + + +     Spirit   .   (armour currently unavailable)
rPois    +         Reflect  .   (helmet currently unavailable)
rElec    .         Harm     .   (cloak currently unavailable)
rCorr    .         Rampage  .   (gloves currently unavailable)
Will     .....     NoTele   +   (boots unavailable)
Stlth    +.........             (no amulet)
HPRegen  0.23/turn              w - ring of wizardry
MPRegen  0.16/turn              (no ring)

@: confused, tree-form, ambrosia-drunk, gold aura
A: stationary, stasis, torment immunity, boosted hp, (beak), (talons 3), nimble
flight
a: Renounce Religion, Potion Petition, Call Merchant, Bribe Branch


You were on level 9 of the Dungeon.
You worshipped Gozag.
Gozag was most pleased with you.
You were a tree.
You visited 1 branch of the dungeon, and saw 9 of its levels.
You also visited: Ossuary.

You collected 1639 gold pieces.
You spent 390 gold pieces at shops.
You paid 32 gold pieces to Gozag.

Inventory:

Hand Weapons
 i - a +2 dagger of electrocution (weapon)
Missiles
 d - 47 poisoned darts
 I - 2 throwing nets
Armour
 n - a +1 cloak (melded)
 u - the +2 robe of Life (melded) {rF+ Regen+}
   (You found it on level 4 of the Dungeon)

   rF:        It protects you from fire.
   Regen:     It increases your rate of health regeneration.
Magical Staves
 p - a staff of earth
Jewellery
 w - a ring of wizardry (left branch)
 B - a +6 ring of strength
Wands
 a - a wand of mindburst (6)
 y - a wand of flame (12)
 G - a wand of polymorph (8)
 J - a wand of paralysis (5)
Scrolls
 b - 3 scrolls of teleportation
 c - 4 scrolls of enchant armour
 e - 3 scrolls of amnesia {unknown}
 g - a scroll of fear {unknown}
 k - a scroll of silence {unknown}
 l - a scroll of torment
 A - a scroll of summoning
 C - a scroll of fog {unknown}
 D - a scroll of noise {unknown}
 F - a scroll of magic mapping
 H - a scroll of identify
Potions
 f - 3 potions of flight {unknown}
 j - 2 potions of brilliance
 o - 2 potions of haste
 q - 2 potions of degeneration
 r - 4 potions of might
 s - 2 potions of lignification
 t - a potion of heal wounds
 v - a potion of resistance
 x - a potion of invisibility {unknown}
 z - 2 potions of attraction
 E - 3 potions of mutation


   Skills:
 - Level 2.0 Fighting
 - Level 3.0 Short Blades
 - Level 6.0 Dodging
 + Level 6.6 Stealth
 + Level 5.6 Spellcasting
 - Level 3.0 Conjurations
 - Level 3.0 Hexes
 - Level 3.0 Summonings
 + Level 11.9 Air Magic
 - Level 3.0 Poison Magic
 + Level 2.5 Evocations


You had 6 spell levels left.
You knew the following spells:

 Your Spells              Type           Power      Damage    Failure   Level
a - Shock                 Conj/Air       100%       1d9       1%          1
b - Call Canine Familiar  Summ           15%        N/A       4%          3
c - Airstrike             Air            24%        N/A       1%          4
d - Summon Guardian Gole  Hex/Summ       15%        N/A       4%          3
e - Mephitic Cloud        Conj/Pois/Air  26%        N/A       1%          3

Your spell library contained the following spells:

 Spells                   Type           Power      Damage    Failure   Level
 Summon Small Mammal      Summ           60%        N/A       1%          1
 Static Discharge         Conj/Air       31%        N/A       1%          2
 Swiftness                Air            48%        N/A       1%          3
 Inner Flame              Hex/Fire       10%        N/A       9%          3
 Ignite Poison            Fire/Tmut/Pois 8%         N/A       11%         3
 Cause Fear               Hex            7%         N/A       16%         4
 Leda's Liquefaction      Hex/Erth       5%         N/A       26%         4
 Bolt of Magma            Conj/Fire/Erth 4%         4d5       65%         5
 Statue Form              Tmut/Erth      3%         N/A       99%         6
 Discord                  Hex            7%         N/A       100%        8


Dungeon Overview and Level Annotations

Branches:
Dungeon (9/15)             Temple (0/1) D:7         Ossuary (visited)
   Lair: D:8-11         Orc: D:9-12

Altars:
Cheibriados
Dithmenos
Fedhas
Gozag
Hepliaklqana
Kikubaaqudgha
Nemelex Xobeh
Okawaru
Qazlal
Sif Muna
Trog
Uskayaw
Vehumet
Wu Jian
Xom
Zin

Shops:
D:3 (   D:5 *   D:8 (


Innate Abilities, Weirdness & Mutations

You are a tree.
Your roots penetrate the ground, keeping you stationary.
You cannot be teleported.
You are immune to unholy pain and torment.
Your maximum health is greatly increased.
Your equipment is partially melded.
((You have a beak for a mouth.))
((You have claws for feet.))
Your magical nature lets you fly swiftly and evasively.


Message History

You are engulfed in blazing flames.
You are engulfed in blazing flames.
You are engulfed in blazing flames.
You are engulfed in blazing flames.
You are engulfed in blazing flames.
You are engulfed in blazing flames.
* * * LOW HITPOINT WARNING * * *
Unknown command.
Unknown command.
Unknown command.
Okay, then.
You feel better.
You are engulfed in blazing flames.
* * * LOW HITPOINT WARNING * * *
Unknown command.
You feel better.
You are engulfed in blazing flames.
* * * LOW HITPOINT WARNING * * *
Unknown command.
Press: ? - help, v - describe, . - travel The floor.
There is a cloud of flame here.
Okay, then.
You feel much better.
You are engulfed in blazing flames.
* * * LOW HITPOINT WARNING * * *
Unknown command.
You are engulfed in blazing flames.
* * * LOW HITPOINT WARNING * * *
Unknown command.
Unknown command.
You feel better.
You are engulfed in blazing flames.
* * * LOW HITPOINT WARNING * * *
Unknown command.
Okay, then.
Unknown command.
Unknown command.
Okay, then.
Unknown command.
You are confused.
You feel invigorated.
You are engulfed in blazing flames.
You die...
Your body crumbles into a pile of gold.

#########.##########
###.))))))..[[..)....#
....######)######..♣.##
##### ###.######.....#####
## #...##.[..##'##'...##
)#######...#<[...##.##..♣.>#
#..........##[..##...##...##
............######.♣.######
.............# #♣#...#
.#####...#.### #.##<## .#
#...#.#####$#### .#
#...#......$...# .#
#...#######.#.## .# #...#
#.#.# .# #...# #$# # .#
#.).# #$..# .# #.... #.$##


There were no monsters in sight!

Vanquished Creatures
  A two-headed ogre (D:8)
  Psyche (D:8)
  A troll (D:8)
  Edmund (D:4)
  A water moccasin (D:7)
  An orc warrior (D:9)
  A sky beast (D:5)
  A black bear (D:8)
  2 ogres (D:5)
  A kobold brigand (D:9)
  A phantom (D:5)
  2 bullfrogs (D:7)
  2 scorpions
  3 killer bees (D:9)
  A howler monkey (D:5)
  A centaur zombie (D:8)
  4 hounds
  A bullfrog skeleton (D:4)
  2 orc priests (D:7)
  2 jellies
  A gnoll shaman (D:4)
  3 iguanas
  4 orc wizards
  2 killer bee zombies
  7 mummies (Ossuary)
  5 adders
  8 gnolls
  A shadow imp (D:5)
  3 dart slugs
  15 orcs
  5 bats
  2 endoplasms
  2 giant cockroaches
  7 goblins
  3 hobgoblins
  16 jackals
  7 quokkas
  6 ball pythons
  2 frilled lizards
  2 gnoll zombies (Ossuary)
  A hobgoblin zombie (Ossuary)
  A jackal skeleton (D:3)
  16 kobolds
  A kobold zombie (Ossuary)
  2 orc zombies (Ossuary)
  7 rats
159 creatures vanquished.

Vanquished Creatures (collateral kills)
  Sigmund (D:4)
  A hornet zombie (D:5)
  A black bear (D:6)
  A sky beast (D:4)
  2 necrophages
  A water moccasin skeleton (D:7)
  2 killer bees (D:9)
  A hound (D:5)
  2 jellies
  A centaur skeleton (D:6)
  2 orc wizards (D:9)
  A killer bee zombie (D:8)
  A mummy (Ossuary)
  A howler monkey zombie (D:8)
  An adder (D:5)
  An ufetubus (D:5)
  An adder skeleton (D:5)
  An orc (D:9)
  A gnoll zombie (Ossuary)
  A hobgoblin zombie (Ossuary)
24 creatures vanquished.

Vanquished Creatures (others)
  Harold (D:9)
  A hornet (D:7)
  A steam dragon (D:9)
  An orc warrior (D:7)
  An ice beast (D:5)
  A human (D:7)
  A kobold brigand (D:8)
  5 killer bees (D:9)
12 creatures vanquished.

Grand Total: 195 creatures vanquished

Notes
Turn   | Place    | Note
-------+----------+-------------------------------------------
     0 | D:1      | quinnr the Tengu Air Elementalist began the quest for the
                  | Orb.
     0 | D:1      | Reached XP level 1. HP: 10/10 MP: 4/4
   163 | D:1      | You fall into a shaft and drop 1 floor!
   313 | D:1      | Reached XP level 2. HP: 5/15 MP: 0/6
   638 | D:1      | Found a faded altar of an unknown god.
  1000 | D:1      | Reached XP level 3. HP: 19/19 MP: 1/7
  1260 | D:1      | Learned a level 3 spell: Call Canine Familiar
  2197 | D:2      | Reached XP level 4. HP: 13/24 MP: 1/8
  2805 | D:3      | Found an opulent altar of Gozag.
  2873 | D:3      | Became a worshipper of Gozag Ym Sagoz the Greedy
  2941 | D:3      | Reached skill level 1 in Fighting
  2941 | D:3      | Reached skill level 1 in Summonings
  3132 | D:3      | Gained mutation: Your magical nature lets you fly swiftly
                  | and evasively. [Tengu growth]
  3132 | D:3      | Reached XP level 5. HP: 29/29 MP: 5/10
  3381 | D:3      | Found a hide-covered altar of Uskayaw.
  3475 | D:3      | Found Bicong's Antique Weapon Boutique.
  3596 | D:3      | Learned a level 4 spell: Airstrike
  3753 | D:3      | Reached skill level 5 in Air Magic
  4352 | D:4      | Noticed a necrophage
  4363 | D:4      | Found Hona's Assorted Antiques.
  4368 | D:4      | Killed a necrophage
  4369 | D:4      | Reached XP level 6. HP: 18/34 MP: 3/12
  4537 | D:4      | Found a glowing silver altar of Zin.
  4703 | D:4      | Found a sparkling altar of Nemelex Xobeh.
  4715 | D:4      | Noticed Sigmund
  4717 | D:4      | Identified the +2 robe of Life {rF+ Regen+}
  4739 | D:4      | Killed Sigmund
  4740 | D:4      | Reached skill level 6 in Air Magic
  4827 | D:4      | Noticed Edmund
  4855 | D:4      | Killed Edmund
  4856 | D:4      | Reached skill level 7 in Air Magic
  4856 | D:4      | Reached XP level 7. HP: 38/38 MP: 1/14
  5001 | D:4      | Found an iron altar of Okawaru.
  5456 | D:5      | Entered Level 5 of the Dungeon
  5750 | D:5      | Found Zomo's General Store.
  5759 | D:5      | Bought a ring of wizardry for 390 gold pieces
  5764 | D:5      | Learned a level 3 spell: Summon Guardian Golem
  5774 | D:5      | Found a stormy altar of Qazlal.
  5946 | D:5      | Found a shimmering blue altar of Sif Muna.
  5958 | D:5      | Found a shimmering altar of Xom.
  5967 | D:5      | Reached skill level 1 in Hexes
  5967 | D:5      | Reached skill level 8 in Air Magic
  5967 | D:5      | Reached XP level 8. HP: 44/44 MP: 7/15
  6119 | D:5      | Reached skill level 5 in Dodging
  6234 | D:5      | Reached skill level 9 in Air Magic
  6635 | D:5      | You are sucked into a shaft and drop 1 floor!
  6644 | D:6      | Found a radiant altar of Vehumet.
  6779 | D:6      | Learned a level 3 spell: Mephitic Cloud
  6802 | D:6      | Found an ornate altar of the Wu Jian Council.
  7521 | D:6      | Reached XP level 9. HP: 43/48 MP: 4/16
  7645 | D:6      | Reached skill level 10 in Air Magic
  8044 | D:7      | Found a bloodstained altar of Trog.
  8093 | D:7      | Found an ancient bone altar of Kikubaaqudgha.
  8207 | D:7      | Found a hazy altar of Hepliaklqana.
  8322 | D:7      | Noticed a hornet
  8330 | D:7      | Reached skill level 1 in Short Blades
  8571 | D:7      | Killed a hornet
  8666 | D:7      | Found a staircase to the Ecumenical Temple.
  8719 | D:7      | Found a snail-covered altar of Cheibriados.
  8901 | D:8      | Found a sand-covered staircase.
  8906 | Ossuary  | Entered an ossuary
  9498 | D:8      | Noticed Psyche
  9587 | D:8      | Found a blossoming altar of Fedhas.
  9664 | D:8      | Killed Psyche
  9665 | D:8      | Reached skill level 1 in Poison Magic
  9831 | D:8      | Noticed a two-headed ogre
  9853 | D:8      | Killed a two-headed ogre
  9854 | D:8      | Reached skill level 5 in Stealth
  9854 | D:8      | Reached skill level 11 in Air Magic
  9854 | D:8      | Reached XP level 10. HP: 53/53 MP: 1/18
 10068 | D:8      | Reached skill level 5 in Spellcasting
 10137 | D:8      | Found a shadowy altar of Dithmenos.
 10386 | D:8      | Found Nuodih's Weapon Emporium.
 10706 | D:9      | Noticed Harold
 10720 | D:9      | Killed Harold
 10721 | D:9      | Reached skill level 1 in Evocations
 11129 | D:9      | HP: 5/79 [themself] (17)]
 11133 | D:9      | Engulfed by their own flame

Illustrated notes

Levels and vault maps discovered:
D:1:      dpeg_arrival_rhombi, layout_basic,
          chequers_ecumenical_altar_simple_redux
D:2:      layout_loops_ring, minmay_misc_feat_tiny
D:3:      layout_loops_ring, grunt_gozag_breadcrumbs,
          nicolae_uskayaw_dance_hall, serial_shops, shop, grunt_ministairs_4,
          minmay_divided_ellipse
D:4:      layout_basic, mainiacjoe_overflow_concentric_impassable,
          lemuel_doored_altar, nemelex_diamond_rough_becter, serial_shops,
          nicolae_shop_trees, sigmund_edmund_badplayer
D:5:      layout_rooms, old_standard_altar, mainiacjoe_overflow_catch_the_wave,
          serial_shops, shop, minmay_chambers_of_fives
D:6:      layout_rooms, mainiacjoe_overflow_paths, lemuel_round_altar
D:7:      layout_rooms, mainiacjoe_overflow_alcove_4, tgw_kikubaaqudgha,
          bloody_trog, nicolae_hepliaklqana_hazy_memory, temple_fountains,
          serial_curves, eino_curves_02, eino_curves_03
D:8:      layout_rooms, mainiacjoe_overflow_alcove_2,
          nicolae_dithmenos_through_a_glass_darkly, serial_shops,
          kennysheep_mini_moat, enter_ossuary_5, uniq_psyche
D:9:      layout_loops_ring, minivault_5, grunt_ministairs_4,
          supply_closet_lemuel, uniq_harold

Skill      XL: |  1  2  3  4  5  6  7  8  9 10 |
---------------+-------------------------------+-----
Conjurations   | 2 3 |  3.0
Fighting       | 1 2 |  2.0
Summonings     | 1 3 |  3.0
Dodging        | 3 4 6 |  6.0
Stealth        | 3 5 6 |  6.6
Air Magic      | 5 7 8 9 11 | 11.9
Spellcasting   | 3 4 5 |  5.6
Hexes          | 1 3 |  3.0
Short Blades   | 3 |  3.0
Poison Magic   | 2 3 |  3.0
Evocations     | 2 |  2.5

Action                   |  1- 3 |  4- 6 |  7- 9 | 10-12 || total
-------------------------+-------+-------+-------+-------++-------
Melee: Unarmed           |    21 |       |       |       ||    21
       Kick              |     3 |     6 |    31 |    18 ||    58
       Dagger            |     2 |    29 |   112 |    54 ||   197
       Peck              |       |     4 |    16 |     5 ||    25
 Cast: Shock             |    85 |    76 |   103 |     4 ||   268
       Call Canine Famil |       |     4 |    31 |    11 ||    46
       Airstrike         |       |     4 |    24 |     5 ||    33
       Summon Guardian G |       |       |    20 |     9 ||    29
       Mephitic Cloud    |       |       |     5 |     4 ||     9
Evoke: Wand              |       |       |    11 |     3 ||    14
  Use: Scroll            |       |       |    17 |     1 ||    18
       Potion            |       |       |       |     6 ||     6
 Stab: Sleeping          |       |     1 |       |       ||     1
       Distracted        |       |       |     3 |       ||     3
       Confused          |       |       |     1 |     3 ||     4
Armor: Robe              |     5 |     9 |    32 |    19 ||    65
       Skin              |       |       |       |     4 ||     4
Dodge: Dodged            |    26 |    45 |    93 |    83 ||   247
